 Dungeon Crawl Stone Soup version 0.26.1-11-gd32895ea62 (webtiles) character file.

Game seed: 12200205325454477495

452 Zeld the Digger (level 7, -1/36 HPs)
             Began as a Gargoyle Earth Elementalist on June 8, 2021.
             Slain by an ice beast (2 damage)
             ... on level 4 of the Dungeon.
             The game lasted 00:05:21 (4023 turns).

Zeld the Digger (Gargoyle Earth Elementalist)       Turns: 4023, Time: 00:05:21

Health: -1/36      AC:  6    Str: 11    XL:     7   Next: 4%
Magic:  10/12      EV: 13    Int: 18    God:
Gold:   228        SH:  0    Dex: 10    Spells: 3/13 levels left

rFire    . . .     SeeInvis .   (no weapon)
rCold    . . .     Faith    .   (no shield)
rNeg     + . .     Spirit   .   c - +0 robe
rPois    ∞         Reflect  .   (no helmet)
rElec    +         Harm     .   (no cloak)
rCorr    .         Rampage  .   (no gloves)
Will     .....                  (no boots)
Stlth    ++........             (no amulet)
HPRegen  0.12/turn              (no ring)
MPRegen  0.13/turn              (no ring)

@: no status effects
A: negative energy resistance 1, electricity resistance, unbreathing,
petrification resistance, miasma immunity, AC +4
a: no special abilities


You were on level 4 of the Dungeon.
You visited 1 branch of the dungeon, and saw 5 of its levels.

You collected 228 gold pieces.

Inventory:

Missiles
 b - 62 stones (quivered)
Armour
 c - a +0 robe (worn)
Jewellery
 a - an uncursed ring of protection from cold {unknown}
 o - an uncursed ring of magical power {unknown}
Wands
 m - a wand of acid (9)
Scrolls
 f - 3 scrolls of remove curse {unknown}
 g - 3 scrolls of identify {unknown}
 j - a scroll of enchant weapon {unknown}
 k - a scroll of amnesia {unknown}
 r - a scroll of teleportation {unknown}
 u - a scroll of magic mapping {unknown}
 v - a scroll of random uselessness {unknown}
Potions
 d - a potion of invisibility {unknown}
 e - 2 potions of haste {unknown}
 h - 4 potions of curing {unknown}
 i - a potion of degeneration {unknown}
 l - 2 potions of might {unknown}
 n - 2 potions of heal wounds {unknown}
 p - a potion of attraction {unknown}
 q - a potion of flight {unknown}
 s - a potion of mutation {unknown}
 t - a potion of cancellation {unknown}


   Skills:
 + Level 3.2 Dodging
 - Level 2.1 Stealth
 + Level 3.7 Spellcasting
 - Level 0.7 Transmutations
 * Level 7.0 Earth Magic


You had 3 spell levels left.
You knew the following spells:

 Your Spells              Type           Power        Failure   Level
a - Sandblast             Erth           56%          1%          1
b - Passwall              Tmut/Erth      14%          4%          2
c - Stone Arrow           Conj/Erth      32%          11%         3
d - Petrify               Tmut/Erth      17%          30%         4

Your spell library contained the following spells:

 Spells                   Type           Power        Failure   Level
 Magic Dart               Conj           12%          16%         1
 Blink                    Tloc           N/A          22%         2
 Call Imp                 Summ           3%           22%         2
 Slow                     Hex            3%           22%         2
 Conjure Flame            Conj/Fire      3%           41%         3
 Mephitic Cloud           Conj/Pois/Air  3%           41%         3
 Lee's Rapid Deconstruct  Erth           14%          22%         5


Dungeon Overview and Level Annotations

Branches:
Dungeon (5/15)
 Temple: D:4-7

Altars:
Ashenzari
Cheibriados
Hepliaklqana
Kikubaaqudgha
Makhleb
Ru
Trog
Wu Jian
Xom


Innate Abilities, Weirdness & Mutations

You are resistant to torment.
Your stone body is resilient. (AC +4)
You are immune to poison.
You resist negative energy. (rN+)
You are resistant to electric shocks. (rElec)
You can survive without breathing.
You are immune to petrification.
You are immune to miasma.


Message History

The ice beast is moderately wounded.
b - 63 stones The ice beast hits you.
The ice beast freezes you!
Casting: Sandblast (safe; 1% risk of failure)
Confirm with . or Enter, or press ? or * to list all spells.
Aiming: Sandblast (safe; 1% risk of failure)
Press: ? - help, Shift-Dir - straight line, f/p - ice beast
Aim: an ice beast (moderately wounded, 19% to evade)
The blast of sand hits the ice beast.
The ice beast is moderately wounded.
b - 62 stones The ice beast hits you.
The ice beast freezes you!
* * * LOW HITPOINT WARNING * * *
The orc hits you with a +0 dagger.
* * * LOW HITPOINT WARNING * * *
The ice beast barely misses you.
You climb upwards.
There is a stone staircase leading down here.
The ice beast hits you.
You die...

#.#####.###########...........
#.#####.##### ##..........
#.#.........# ####.....#.
#.#.....###.# ##..##...
#.#..##.###.# #####..###.##
#.#..#...##.### #..........##
#......_......####.........##.
###.##...#..#oY.>......<......
#.###.##..#@...########..###
#.###.....#....# ####.##
#.........#....# #....####
#####.#####....# #.......#
#..........#####.<......
############............
####.####......#
#....####......#
#...............


You could see an ice beast and an orc.

Vanquished Creatures
  2 phantoms
  A crimson imp (D:3)
  A hound (D:4)
  An orc wizard (D:3)
  An orc priest (D:4)
  An iguana (D:4)
  A worker ant (D:4)
  A gnoll (D:1)
  3 adders
  An ooze (D:1)
  An adder skeleton (D:4)
  2 worms
  A dart slug (D:2)
  2 leopard geckos
  5 orcs (D:3)
  9 bats
  3 giant cockroaches
  4 goblins
  2 hobgoblins (D:1)
  3 jackals (D:3)
  A quokka (D:3)
  A ball python (D:3)
  5 frilled lizards
  5 kobolds
  7 rats
64 creatures vanquished.

Notes
Turn   | Place    | Note
-------+----------+-------------------------------------------
     0 | D:1      | Zeld the Gargoyle Earth Elementalist began the quest for
                  | the Orb.
     0 | D:1      | Reached XP level 1. HP: 10/10 MP: 3/3
   166 | D:1      | Reached XP level 2. HP: 15/15 MP: 3/5
   169 | D:1      | Learned a level 2 spell: Passwall
   289 | D:1      | Reached skill level 4 in Earth Magic
   451 | D:1      | Reached XP level 3. HP: 19/19 MP: 3/6
   455 | D:1      | Learned a level 3 spell: Stone Arrow
   847 | D:2      | Found a broken altar of Ashenzari.
  1258 | D:2      | Found an ancient bone altar of Kikubaaqudgha.
  1372 | D:2      | Found a sacrificial altar of Ru.
  1374 | D:2      | Found a hazy altar of Hepliaklqana.
  1500 | D:2      | Found a snail-covered altar of Cheibriados.
  1619 | D:3      | Reached XP level 4. HP: 24/24 MP: 4/7
  1720 | D:3      | Noticed a moth of wrath
  1723 | D:3      | Found a bloodstained altar of Trog.
  1831 | D:3      | Reached skill level 5 in Earth Magic
  2115 | D:3      | Found a shimmering altar of Xom.
  2115 | D:3      | Found a burning altar of Makhleb.
  2246 | D:3      | Noticed a phantom
  2273 | D:3      | Killed a phantom
  2274 | D:3      | Reached XP level 5. HP: 20/28 MP: 0/9
  2279 | D:3      | Learned a level 4 spell: Petrify
  2606 | D:3      | Reached skill level 6 in Earth Magic
  2949 | D:4      | Reached XP level 6. HP: 29/32 MP: 2/10
  3387 | D:4      | Noticed a phantom
  3399 | D:4      | Killed a phantom
  3767 | D:4      | Reached skill level 7 in Earth Magic
  3767 | D:4      | Reached XP level 7. HP: 36/36 MP: 9/12
  3965 | D:4      | Found an ornate altar of the Wu Jian Council.
  4018 | D:5      | Entered Level 5 of the Dungeon
  4021 | D:5      | HP: 1/36 [orc/+0 dagger (2)]
  4023 | D:4      | Slain by an ice beast

Illustrated notes

Levels and vault maps discovered:
D:1:      minmay_arrival_shattered_statue, layout_basic
D:2:      layout_rooms, old_standard_altar, kiku_gazebo_pond_becter,
          nicolae_overflow_hidden_temple, minitemple, minmay_misc_feat_tiny
D:3:      layout_basic, grunt_temple_overflow_champion_of_chaos, tgw_trog,
          serial_park_tiny_1
D:4:      layout_rooms, nicolae_overflow_crystal_walls
D:5:      minmay_inner_zag, layout_rooms, nicolae_dithmenos_the_darkroom,
          temple_statues, serial_shops, nicolae_shop_statue_plus,
          hangedman_abyss_or_decor_lesser_grid, uniq_ijyb

Skill      XL: |  1  2  3  4  5  6 |
---------------+-------------------+-----
Earth Magic    | 4 5 6 7 |  7.0
Dodging        | 2 3 |  3.2
Spellcasting   | 3 |  3.7
Stealth        | |  2.1
Transmutations | |  0.7

Action                   |  1- 3 |  4- 6 |  7- 9 || total
-------------------------+-------+-------+-------++-------
Melee: Unarmed           |     1 |     7 |       ||     8
 Cast: Sandblast         |    38 |    96 |     2 ||   136
Armor: Robe              |     7 |    12 |       ||    19
Dodge: Dodged            |    11 |    35 |     1 ||    47
